Map: 2000 Atmospheres LE

Players

A.I. 1 (Very Easy)

  • Race: Protoss Protoss

QuietMind - Winner!

  • Race: Terran Terran

VOD

Have the link to the VOD?

Description

Time

  • Played on: Aug. 4, 2021, 2:30 a.m.
  • Length: 11:01
Show
View Real Time Build Order
Export as new Build Order

A.I. 1 (Very Easy) Protoss 

Build Orders:  

Get SALT Encoding   

  12  0:00  Probe  
  13  0:13  Probe  
  14  0:19  Pylon  
  14  0:36  Assimilator  
  14  0:42  Gateway  
  14  0:45  Pylon  
  14  1:14  Assimilator  
  14  1:16  Probe  
  14  1:25  Probe  
  16  1:33  Probe  
  16  1:34  Cybernetics Core  
  17  1:43  Probe  
  18  1:55  Probe  
  18  2:00  Warp Gate  
  19  2:03  Probe  
  20  2:10  Stalker  
  22  4:12  Probe  
  22  5:19  Probe  
  22  5:41  Probe, Zealot  
  25  5:43  Pylon  
  25  5:45  Robotics Facility  
  25  5:53  Probe  
  26  6:05  Probe  
  27  6:15  Probe  
  28  6:23  Probe, Pylon  
  27  6:33  Observer  
  27  6:37  Zealot  
  30  6:54  Observer  
  31  7:11  Nexus  
  31  7:34  Stalker  
  33  8:22  Probe  
  34  8:30  Probe  
  34  8:31  Assimilator  
  34  8:34  Probe, Assimilator  
  36  8:45  Probe  
  37  8:49  Probe  
  38  8:59  Probe  
  39  9:06  Probe  
  40  9:13  Probe  
  40  9:14  Zealot  
  39  9:21  Probe  
  37  9:33  Probe  
  28  9:41  Probe  
  25  9:49  Probe, Pylon  
Show
View Real Time Build Order
Export as new Build Order

QuietMind Terran - Winner!

Build Orders: Mech 

Get SALT Encoding   

  12  0:00  SCV  
  13  0:12  SCV  
  14  0:17  Supply Depot  
  14  0:24  SCV  
  15  0:39  SCV, Barracks  
  16  0:44  Refinery  
  16  0:51  SCV  
  17  1:03  SCV  
  18  1:15  SCV  
  19  1:27  Orbital Command  
  19  1:35  Command Center  
  19  1:45  Factory  
  19  1:48  Marine  
  19  1:53  SCV  
  21  2:05  SCV  
  21  2:06  Supply Depot  
  21  2:08  Refinery  
  22  2:13  Barracks Tech Lab  
  22  2:17  SCV  
  23  2:29  SCV  
  24  2:37  Siege Tank  
  24  2:41  Marine, SCV  
  29  2:49  Orbital Command  
  29  2:53  SCV  
  29  2:56  Bunker  
  30  2:59  Marine  
  31  3:05  SCV  
  31  3:10  Siege Tank  
  35  3:15  SCV  
  35  3:16  Marine  
  35  3:18  SCV  
  38  3:25  Supply Depot  
  38  3:27  SCV  
  38  3:30  SCV  
  40  3:35  Barracks Reactor  
  40  3:39  SCV  
  41  3:42  Siege Tank, SCV  
  45  3:49  Supply Depot  
  45  3:50  Command Center  
  45  3:51  SCV  
  45  3:54  SCV  
  47  4:03  SCV  
  47  4:06  SCV  
  47  4:07  Factory  
  49  4:13  Supply Depot  
  49  4:15  SCV  
  50  4:18  SCV  
  50  4:21  Armory  
  50  4:24  Marauder, Widow Mine, Hellion  
  57  4:27  SCV  
  57  4:30  SCV  
  59  4:33  Engineering Bay  
  59  4:40  Supply Depot, SCV  
  59  4:42  SCV  
  61  4:52  SCV  
  62  4:53  Refinery  
  62  4:54  SCV  
  62  4:59  Hellion x2  
  67  5:00  Barracks Tech Lab  
  67  5:04  SCV  
  67  5:05  Missile Turret  
  67  5:06  SCV  
  69  5:07  Missile Turret  
  69  5:09  Thor  
  75  5:16  SCV  
  75  5:18  Terran Vehicle Weapons Level 1, SCV  
  77  5:22  Hellbat x2  
  77  5:24  Orbital Command  
  77  5:26  Marauder  
  77  5:28  SCV  
  84  5:31  SCV  
  85  5:36  Refinery  
  85  5:40  SCV  
  86  5:43  SCV  
  86  5:45  Command Center  
  86  5:46  Supply Depot, Hellbat  
  86  5:49  Hellbat  
  91  5:51  SCV  
  91  5:52  SCV  
  91  5:56  Supply Depot  
  93  6:08  SCV x3  
  93  6:10  Supply Depot  
  96  6:13  Bunker  
  96  6:14  Marauder  
  96  6:15  Hellbat  
  96  6:17  Thor  
  96  6:18  Hellbat  
  108  6:20  SCV  
  108  6:22  Supply Depot  
  109  6:26  Missile Turret  
  109  6:32  SCV x3  
  112  6:36  Armory  
  112  6:42  Hellbat x2  
  112  6:44  Marauder, SCV x3  
  121  6:47  Supply Depot  
  121  6:51  Supply Depot  
  121  6:56  SCV x3  
  121  6:57  Supply Depot  
  121  6:59  Refinery  
  121  7:00  Thor, Refinery  
  130  7:08  SCV x3  
  130  7:14  Terran Vehicle And Ship Armor Level 1  
  133  7:17  Hellbat x2  
  133  7:18  Command Center, Marauder  
  133  7:20  SCV x2  
  133  7:21  SCV  
  142  7:31  Factory x2  
  142  7:32  Factory  
  142  7:33  SCV x3  
  142  7:34  Supply Depot x2  
  145  7:39  Terran Vehicle Weapons Level 2  
  145  7:40  Hellbat  
  145  7:41  Hellbat  
  149  7:45  Thor, SCV x2  
  149  7:49  Planetary Fortress  
  159  7:51  Marauder, SCV  
  159  7:57  SCV x2  
  162  8:00  Supply Depot  
  162  8:02  Missile Turret  
  162  8:03  Supply Depot, SCV  
  162  8:05  Hellbat  
  165  8:07  Hellbat  
  165  8:09  SCV x2  
  169  8:12  Infernal Pre-Igniter  
  169  8:15  SCV  
  169  8:16  Factory Tech Lab x3  
  170  8:20  Supply Depot  
  170  8:21  Supply Depot, SCV x2  
  170  8:22  Supply Depot  
  170  8:26  SCV  
  173  8:28  SCV, Hellbat  
  173  8:29  Marauder  
  173  8:30  Thor  
  173  8:33  SCV x2  
  186  8:34  Refinery  
  186  8:35  Refinery  
  186  8:38  SCV  
  186  8:40  SCV  
  188  8:44  Command Center  
  188  8:45  SCV  
  189  8:49  Thor  
  195  9:10  Hi-Sec Auto Tracking  
  194  9:21  Factory  
  194  9:22  Starport  
  194  9:24  Factory, Starport  
  194  9:39  Planetary Fortress  
  194  9:52  Thor  
  200  10:04  Command Center  
  200  10:07  Command Center  
  200  10:08  Missile Turret  
  200  10:09  Command Center  
  200  10:17  Factory Tech Lab  
  200  10:18  Factory Tech Lab  
  200  10:23  Starport Tech Lab  
  200  10:29  Starport Tech Lab  
  200  10:39  Fusion Core  
  200  10:45  Factory  
  200  10:46  Factory  
  200  10:47  Factory  
  200  10:51  Factory, Starport  
  200  10:56  Starport  
Tags
 
Add a new tag
Caveats
  • Supply blocks, unpowered buildings, or Contaminate may cause inaccurate times.
  • Supply counts are checked every 10 seconds.